 Dungeon Crawl Stone Soup version 0.31.0-4-g52a2dc7128 (webtiles) character file.

Game seed: 7907439562246764762

38839 experimilk the Brawler (level 13, -7/119 HPs)
             Began as a Troll Gladiator on Jan 21, 2024.
             Was a High Priest of Hepliaklqana.
             Mangled by a cane toad (16 damage)
             ... on level 4 of the Lair of Beasts.
             The game lasted 00:46:11 (18935 turns).

experimilk the Brawler (Troll Gladiator)           Turns: 18935, Time: 00:46:11

Health: -7/119     AC:  9    Str: 35    XL:     13   Next: 66%
Magic:  0/19       EV: 10    Int:  4    God:    Hepliaklqana [*****.]
Gold:   479        SH:  0    Dex: 11    Spells: 12/12 levels left

rFire   . .          .
                       - Unarmed
rCold   . . .        (no shield)
rNeg    . . .        u - +2 troll leather armour
rPois   .            G - +2 hat {SInv}
rElec   .            P - scarf {repulsion}
rCorr   .            (gloves unavailable)
SInv    +            (boots unavailable)
Will    +....        O - amulet of guardian spirit
Stlth   +            d - ring of willpower
HPRegen 1.99/turn    t - +6 ring of strength
MPRegen 0.16/turn

%: repel missiles, guardian spirit
@: lethally poisoned (-7 -> -34), about to teleport
A: reduced essence, large, unfitting armour, claws 3, regeneration 1, shaggy fur
1, tough skin 1
a: Renounce Religion, Recall Ancestor, Ancestor Identity, Transference, Idealise


You were on level 4 of the Lair of Beasts.
You worshipped Hepliaklqana.
Hepliaklqana was extremely pleased with you.
You visited 3 branches of the dungeon, and saw 16 of its levels.

You collected 815 gold pieces.
You spent 336 gold pieces at shops.

Inventory:

Missiles
 a - 4 poisoned darts
 c - 3 boomerangs (quivered)
 x - 5 silver javelins
Armour
 u - a +2 troll leather armour (worn)
 G - a +2 hat of see invisible (worn)
 P - a scarf of repulsion (worn)
Jewellery
 d - a ring of willpower (left claw)
 f - a ring of flight
 t - a +6 ring of strength (right claw)
 O - an amulet of guardian spirit (around neck)
Wands
 l - a wand of charming (2)
 q - a wand of polymorph (7)
 r - a wand of flame (13)
 z - a wand of digging (8)
Scrolls
 b - a scroll of teleportation
 i - 3 scrolls of butterflies
 m - 2 scrolls of poison
 p - a scroll of amnesia {unknown}
 C - a scroll of fog
 J - a scroll of silence {unknown}
 K - 2 scrolls of enchant weapon
 M - a scroll of fear {unknown}
Potions
 e - 3 potions of heal wounds
 g - 2 potions of might
 h - 4 potions of enlightenment
 j - a potion of cancellation
 k - a potion of haste
 o - 6 potions of curing
 N - a potion of magic


   Skills:
 + Level 10.0 Fighting
 - Level 10.0 Throwing
 - Level 2.4 Dodging
 - Level 15.0 Unarmed Combat
 - Level 10.0 Invocations


You had 12 spell levels left.
You didn't know any spells.
Your spell library contained the following spells:

 Spells                   Type           Power      Damage    Failure   Level
 Lesser Beckoning         Tloc           0%         N/A       67%         2
 Gell's Gravitas          Tloc           0%         N/A       88%         3
 Summon Ice Beast         Ice/Summ       0%         N/A       88%         3
 Teleport Other           Tloc           0%         N/A       88%         3
 Brom's Barrelling Bould  Conj/Erth      0%         2d3       99%         4
 Fireball                 Conj/Fire      0%         3d3       100%        5
 Iskenderun's Battlesphe  Conj           0%         2d6       100%        5
 Summon Mana Viper        Hex/Summ       0%         N/A       100%        5
 Conjure Ball Lightning   Conj/Air       0%         3x3d6     100%        6
 Monstrous Menagerie      Summ           0%         N/A       100%        7
 Orb of Destruction       Conj           0%         9d5       100%        7


Dungeon Overview and Level Annotations

Branches:
Dungeon (10/15)            Temple (1/1) D:5            Lair (5/5) D:10
 Shoals (0/4) Lair:2       Spider (0/4) Lair:2        Slime (0/5) Lair:4
    Orc (0/2) D:9

Altars:
Ashenzari
Cheibriados
Dithmenos
Elyvilon
Fedhas
Hepliaklqana
Kikubaaqudgha
Makhleb
Nemelex Xobeh
Okawaru
Qazlal
Ru
Sif Muna
Trog
Uskayaw
Vehumet
Wu Jian
Xom
Yredelemnul
Zin
The Shining One
Jiyva

Shops:
D:4 !


Innate Abilities, Weirdness & Mutations

Your life essence is reduced to manifest your ancestor. (-10% HP)
You are too large for most types of armour.
You have claws for hands.
Your natural rate of healing is unusually fast.
You are covered in fur. (AC +1)
You have tough skin. (AC +1)


Message History

You are more poisoned.
The water moccasin poisons you!
There is a stone staircase leading up, spattered with blood here.
You feel very sick. The cane toad stings you!
You are more poisoned.
The cane toad poisons you! The cane toad stings you!
The water moccasin barely misses you.
You climb upwards.
You feel extremely sick.
There is a stone staircase leading down here.
You closely miss the water moccasin. Your claw misses the water moccasin.
You feel very sick. The water moccasin bites you! The cane toad stings you.
The cane toad stings you but does no damage.
Unknown command.
You barely miss the water moccasin.
You feel very sick. The water moccasin bites you.
You are more poisoned.
The water moccasin poisons you! The cane toad stings you!
The cane toad stings you but does no damage.
Unknown command.
You feel extremely sick. The water moccasin bites you.
* * * LOW HITPOINT WARNING * * *
You are more poisoned.
The water moccasin poisons you! The water moccasin bites you.
* * * LOW HITPOINT WARNING * * *
You are lethally poisoned!
The water moccasin poisons you!
As you read the scroll of teleportation, it crumbles to dust.
You feel strangely unstable.
* * * LOW HITPOINT WARNING * * *
You feel extremely sick.
The cane toad closely misses you. x2; The water moccasin barely misses you.
The cane toad stings you!
* * * LOW HITPOINT WARNING * * *
The cane toad stings you!!
You die...

..#....###.......#.......#.......
.................#.#....P#.......
###.P...........#####....##......
######.##P.#### #.....##......
####### ##....##..#....
############......####..♣.
##..#PP.#.#.#...#...##.♣♣..
##.#.....∩F.#...###.........
#R#.......F@..### #.....P...
###.......S....# ####......
#............### ##.......
##..............# #........
##..............#####...P....
#..............## #..........
#..............####........P.
#..............#.#....P....P≈
###...........#............≈~


You could see 2 cane toads and a water moccasin.

Vanquished Creatures
  Fannar (Lair:1)
  A hydra (Lair:4)
  7 death yaks
  Nergalle (Lair:1)
  Pikel (D:6)
  An arcanist (D:10)
  A harpy (Lair:2)
  A wolf spider (Lair:2)
  6 ugly things (D:10)
  5 black mambas
  12 cane toads
  Jeremiah (D:8)
  2 gargoyles (D:10)
  Maggie (D:6)
  A torpor snail (Lair:1)
  2 rime drakes
  3 komodo dragons
  2 trolls (D:10)
  3 polar bears (Lair:3)
  7 blink frogs
  2 slime creatures (Lair:4)
  3 wyverns
  A culicivora (Lair:2)
  28 yaks
  2 steam dragons
  Eustachio (D:5)
  3 basilisks
  12 water moccasins
  5 orc warriors
  5 black bears
  2 ogres
  4 wolves
  2 centaurs
  A phantom (D:6)
  3 scorpions
  8 bullfrogs
  3 electric eels
  A hexer (Lair:1)
  A howler monkey (D:10)
  2 bombardier beetles
  5 hounds
  Crazy Yiuf (D:3)
  A gnoll bouda (D:5)
  9 orc priests
  Ijyb (D:5)
  5 jellies
  3 sleepcaps
  3 iguanas
  11 orc wizards
  6 hell rats (Lair:2)
  14 gnolls
  9 adders
  A shadow imp (D:6)
  A white imp (D:5)
  4 ufetubi (D:6)
  2 dart slugs
  A ribbon worm (D:2)
  45 orcs
  4 bats (D:1)
  9 endoplasms
  8 hobgoblins
  12 kobolds
  3 quokkas
  9 ball pythons
  5 frilled lizards
  10 goblins
  2 rats (D:1)
332 creatures vanquished.

Vanquished Creatures (collateral kills)
  A hydra (Lair:4)
  A death yak (Lair:3)
  An arcanist (D:10)
  A harpy (Lair:2)
  An ugly thing (D:10)
  Joseph (D:8)
  A cane toad (Lair:2)
  2 komodo dragons (Lair:4)
  3 polar bears
  6 blink frogs
  9 yaks
  A basilisk (Lair:2)
  2 wyverns
  A water moccasin (Lair:3)
  2 orc warriors (D:9)
  A sky beast (D:7)
  4 bullfrogs
  2 howler monkeys (D:10)
  A hell rat (Lair:2)
  An orc wizard (D:8)
  A gnoll (D:7)
  8 orcs
51 creatures vanquished.

Vanquished Creatures (others)
  10 hexers
  2 ancestors
  3 orcs (D:8)
15 creatures vanquished.

Grand Total: 398 creatures vanquished

Notes
Turn   | Place    | Note
-------+----------+-------------------------------------------
     0 | D:1      | experimilk the Troll Gladiator began the quest for the Orb.
     0 | D:1      | Reached XP level 1. HP: 19/19 MP: 0/0
    76 | D:1      | Reached XP level 2. HP: 27/27 MP: 1/1
   312 | D:1      | Reached skill level 4 in Unarmed Combat
   473 | D:1      | Reached XP level 3. HP: 32/33 MP: 2/2
   889 | D:2      | Reached skill level 5 in Unarmed Combat
   889 | D:2      | Reached XP level 4. HP: 25/41 MP: 3/3
  1546 | D:3      | Reached XP level 5. HP: 26/48 MP: 4/4
  1759 | D:3      | Identified the +4 spear "Saek" {antimagic, Int+5}
  1972 | D:3      | Reached skill level 6 in Unarmed Combat
  2110 | D:3      | Found a runed translucent door.
  2111 | D:3      | Noticed Crazy Yiuf
  2532 | D:3      | Killed Crazy Yiuf
  2910 | D:4      | Reached XP level 6. HP: 53/55 MP: 5/5
  2954 | D:4      | Found Ekuoggy's Distillery.
  2962 | D:4      | Bought a potion of might for 48 gold pieces
  2962 | D:4      | Bought a potion of heal wounds for 60 gold pieces
  2962 | D:4      | Bought a potion of curing for 36 gold pieces
  3107 | D:4      | Reached skill level 7 in Unarmed Combat
  3640 | D:5      | Entered Level 5 of the Dungeon
  3648 | D:5      | Noticed Eustachio
  3662 | D:5      | HP: 2/55 [white imp[Eustachio] (5)]
  3694 | D:5      | Killed Eustachio
  3695 | D:5      | Reached skill level 8 in Unarmed Combat
  3695 | D:5      | Reached XP level 7. HP: 42/62 MP: 6/6
  4008 | D:5      | Noticed Ijyb
  4025 | D:5      | Killed Ijyb
  4095 | D:5      | Reached skill level 9 in Unarmed Combat
  4391 | D:5      | Reached XP level 8. HP: 43/70 MP: 7/7
  4397 | D:5      | Reached skill level 10 in Unarmed Combat
  4893 | D:5      | Found a staircase to the Ecumenical Temple.
  4897 | Temple   | Entered the Ecumenical Temple
  4918 | Temple   | Became a worshipper of Hepliaklqana the Forgotten
  5498 | D:6      | Reached skill level 5 in Fighting
  5554 | D:6      | Noticed Maggie
  5567 | D:6      | Killed Maggie
  5603 | D:6      | Reached XP level 9. HP: 89/89 MP: 8/8
  6369 | D:6      | Reached * piety under Hepliaklqana
  6407 | D:6      | Found a basalt altar of Yredelemnul.
  6410 | D:6      | Found a glowing golden altar of the Shining One.
  6419 | D:6      | Found a white marble altar of Elyvilon.
  6452 | D:6      | Noticed Pikel
  6798 | D:6      | Killed Pikel
  7116 | D:7      | Found a stormy altar of Qazlal.
  8040 | D:8      | Noticed Jeremiah
  8064 | D:8      | Killed Jeremiah
  8108 | D:8      | Reached XP level 10. HP: 26/96 MP: 9/9
  8461 | D:8      | Identified the +4 whip "Bahuatiw" {freeze, rF+}
  8473 | D:8      | Found a radiant altar of Vehumet.
  8485 | D:8      | Found a broken altar of Ashenzari.
  8486 | D:8      | Noticed Joseph
  8723 | D:8      | Reached ** piety under Hepliaklqana
  8724 | D:8      | Remembered your ancestor Xochitl as a hexer
  8806 | D:8      | Killed Joseph
  9080 | D:9      | Reached skill level 10 in Fighting
  9769 | D:9      | Reached skill level 5 in Throwing
 10209 | D:9      | Found a staircase to the Orcish Mines.
 10262 | D:10     | Entered Level 10 of the Dungeon
 10397 | D:10     | Found a staircase to the Lair.
 10607 | D:10     | Reached *** piety under Hepliaklqana
 10746 | D:10     | Noticed a gargoyle
 10757 | D:10     | Killed a gargoyle
 10758 | D:10     | Reached XP level 11. HP: 96/105 MP: 10/10
 11077 | D:10     | Noticed a white ugly thing
 11078 | D:10     | Noticed a green ugly thing
 11079 | D:10     | Noticed an arcanist
 11081 | D:10     | Noticed a purple ugly thing
 11081 | D:10     | Noticed a green ugly thing
 11083 | D:10     | Killed a white ugly thing
 11083 | D:10     | Killed an arcanist
 11086 | D:10     | Killed a green ugly thing
 11088 | D:10     | Killed a green ugly thing
 11093 | D:10     | Killed a purple ugly thing
 11119 | D:10     | Noticed a brown ugly thing
 11119 | D:10     | Noticed a purple ugly thing
 11129 | D:10     | Noticed a green ugly thing
 11130 | D:10     | Killed a brown ugly thing
 11131 | D:10     | Reached skill level 10 in Throwing
 11131 | D:10     | Reached skill level 1 in Invocations
 11133 | D:10     | Killed a purple ugly thing
 11138 | D:10     | Killed a green ugly thing
 11161 | D:10     | Noticed an arcanist
 11168 | D:10     | Killed an arcanist
 11346 | D:4      | Bought a potion of heal wounds for 60 gold pieces
 11346 | D:4      | Bought a potion of enlightenment for 60 gold pieces
 11346 | D:4      | Bought 2 potions of curing for 72 gold pieces
 11810 | Lair:1   | Entered Level 1 of the Lair of Beasts
 11837 | Lair:1   | Noticed a death yak
 11837 | Lair:1   | Noticed a death yak
 11988 | Lair:1   | Killed a death yak
 11989 | Lair:1   | Reached skill level 5 in Invocations
 11992 | Lair:1   | Killed a death yak
 12033 | Lair:1   | Noticed Nergalle
 12038 | Lair:1   | Noticed Fannar
 12045 | Lair:1   | Killed Nergalle
 12049 | Lair:1   | Reached XP level 12. HP: 113/113 MP: 14/16
 12328 | Lair:1   | Killed Fannar
 13298 | Lair:1   | Reached **** piety under Hepliaklqana
 13958 | Lair:2   | Reached skill level 10 in Invocations
 14427 | Lair:2   | Found a staircase to the Shoals.
 14438 | Lair:2   | Reached skill level 11 in Unarmed Combat
 14669 | Lair:2   | Found a hole to the Spider Nest.
 15725 | Lair:2   | Reached skill level 12 in Unarmed Combat
 15862 | Lair:2   | Reached XP level 13. HP: 71/119 MP: 9/19
 16553 | Lair:3   | Reached skill level 13 in Unarmed Combat
 16886 | Lair:3   | Reached ***** piety under Hepliaklqana
 17890 | Lair:4   | Reached skill level 14 in Unarmed Combat
 18552 | Lair:4   | Found a staircase to the Slime Pits.
 18552 | Lair:4   | Found a viscous altar of Jiyva.
 18919 | Lair:5   | Entered Level 5 of the Lair of Beasts
 18929 | Lair:5   | Reached skill level 15 in Unarmed Combat
 18935 | Lair:4   | Mangled by a cane toad

Illustrated notes

Levels and vault maps discovered:
D:1:      lordsloth_arrival_two_stooges, layout_basic,
          dreamdust_princess_corridor
D:2:      layout_basic, kennysheep_big_empty_room
D:3:      layout_basic, corexii_shack, st_stairs_4, chequers_garden,
          uniq_crazy_yiuf_cottage
D:4:      layout_cave_pods, serial_shops, shop, hangedman_decor_opposing,
          minmay_ruptured
D:5:      layout_layer_cave, minmay_temple_entry_glassed_door, st_stairs_1,
          serial_bayou_lake_a, uniq_eustachio, uniq_ijyb
D:6:      nicolae_cairo_tiling_very_big, layout_basic, grunt_gozag_statues,
          minitemple, uniq_pikel, uniq_maggie
D:7:      layout_rooms, lemuel_doored_altar
D:8:      layout_cave_pods, mainiacjoe_overflow_catwalk_spiral,
          nicolae_nh_ransacked_shop, uniq_joseph, uniq_jeremiah
D:9:      layout_rooms, david_orc_4
D:10:     cheibrodos_breeding_chamber, layout_basic, lair_entry_dummy
Temple:   regret_index_temple_waves
Lair:1:   layout_regular_city, nicolae_quartered_pool_medium, minmay_hedge_maze,
          grunt_megastairs_1, infiniplex_staircase_pool_2, uniq_fannar,
          uniq_nergalle
Lair:2:   layout_cave_pods, nicolae_shoals_entry_roost,
          spider_nest_entry_funnel_web, serial_bayou_shore_a
Lair:3:   layout_big_grid, grunt_megastairs_5, infiniplex_staircase_pool
Lair:4:   layout_cave_pods, minmay_slime_entry_pillars, gauntlet_entry_generic,
          chequers_serial_rivers_room_b, grunt_forest_large_clearings
Lair:5:   minmay_lair_end_enchanted_forest, layout_loops_ring,
          chequers_serial_rivers_micro_c, grunt_megastairs_3, lemuel_fruit_tree

Skill      XL: |  1  2  3  4  5  6  7  8  9 10 11 12 13 |
---------------+----------------------------------------+-----
Unarmed Combat | 4 5 6 8 9 10 12 15 | 15.0
Fighting       | 6 9 10 | 10.0
Throwing       | 7 10 | 10.0
Invocations    | 6 10 | 10.0
Dodging        | |  2.4

Action                     |  1- 3 |  4- 6 |  7- 9 | 10-12 | 13-15 || total
---------------------------+-------+-------+-------+-------+-------++-------
  Melee: Unarmed           |    86 |   152 |   201 |   290 |   126 ||   855
         Punch             |       |     3 |     9 |    24 |     6 ||    42
  Throw: Boomerang         |       |     8 |    52 |   119 |    43 ||   222
         Large rock        |       |     3 |       |       |       ||     3
         Throwing net      |       |       |     5 |       |     1 ||     6
         Dart              |       |       |    11 |    16 |       ||    27
         Javelin           |       |       |       |     9 |       ||     9
 Invoke: Ancestor Life: He |       |       |       |     1 |       ||     1
         Recall Ancestor   |       |       |       |     1 |     1 ||     2
         Transference      |       |       |       |       |     1 ||     1
    Use: Scroll            |     3 |     6 |     5 |     7 |     6 ||    27
         Potion            |     1 |     4 |       |     5 |     1 ||    11
   Stab: Held in net/web   |       |       |     2 |       |       ||     2
         Distracted        |       |       |       |     4 |     3 ||     7
         Confused          |       |       |       |     4 |     3 ||     7
 Armour: Robe              |    54 |   116 |   150 |    77 |       ||   397
         Troll leather arm |       |       |       |   164 |   104 ||   268
  Dodge: Dodged            |    41 |    77 |    75 |   123 |    52 ||   368
